 Dungeon Crawl Stone Soup version 0.28-a0-563-gf77a47075d (webtiles) character file.

Game seed: 9743216807767833706

2189 friend the Fighter (level 9, -2/98 HPs)
             Began as an Ogre Hunter on Sept 30, 2021.
             Was a Believer of Okawaru.
             Slain by an ogre (15 damage)
             ... on level 6 of the Dungeon.
             The game lasted 00:14:42 (11807 turns).

friend the Fighter (Ogre Hunter)                   Turns: 11807, Time: 00:14:43

Health: -2/98      AC: 12    Str: 18    XL:     9   Next: 33%
Magic:  11/11      EV: 10    Int: 12    God:    Okawaru [**....]
Gold:   478        SH: 10    Dex: 12    Spells: 8/8 levels left

rFire   . . .      SeeInvis .   q - +1 flail (protect)
rCold   . . .      Faith    +   l - +2 kite shield
rNeg    . . .      Spirit   .   B - +2 robe {Will+}
rPois   .          Reflect  .   (helmet restricted)
rElec   .          Harm     .   (no cloak)
rCorr   .          Rampage  .   (gloves unavailable)
Will    +....                   (boots unavailable)
Stlth   +++.......              x - amulet of faith
HPRegen 0.26/turn               (no ring)
MPRegen 0.12/turn               (no ring)

@: heroic, under a protective aura
A: large, unfitting armour, tough skin 1
a: Renounce Religion, Heroism


You were on level 6 of the Dungeon.
You worshipped Okawaru.
Okawaru was pleased with you.
You visited 2 branches of the dungeon, and saw 7 of its levels.

You collected 478 gold pieces.

Inventory:

Hand Weapons
 b - a +0 giant club
 j - a +1 dagger of venom
 q - a +1 flail of protection (weapon)
Missiles
 c - 10 large rocks
 f - 198 stones (quivered)
 k - 2 throwing nets
 r - 4 javelins
 z - 5 boomerangs
Armour
 l - a +2 kite shield (worn)
 s - the +1 robe of the Zebra {Str+6 Stlth+}
   (You found it on level 4 of the Dungeon)

   Str:       It affects your strength (+6).
   Stlth:     It makes you more stealthy.
 B - a +2 robe of willpower (worn)
Jewellery
 x - an amulet of faith (around neck)
Wands
 m - a wand of acid (8)
 t - a wand of polymorph (10)
 v - a wand of mindburst (17)
Scrolls
 e - a scroll of silence {unknown}
 g - a scroll of fear
 i - a scroll of identify
 o - a scroll of blinking {unknown}
 p - a scroll of magic mapping {unknown}
 w - 2 scrolls of teleportation {unknown}
 y - a scroll of vulnerability
 C - a scroll of holy word {unknown}
Potions
 a - a potion of brilliance {unknown}
 d - 2 potions of might
 h - a potion of mutation {unknown}
 n - a potion of invisibility {unknown}
 u - a potion of flight {unknown}
 A - a potion of degeneration {unknown}


   Skills:
 - Level 9.0(14.0) Fighting
 + Level 8.9(13.9) Maces & Flails
 - Level 4.0(9.0) Throwing
 - Level 1.7(6.7) Dodging
 - Level 0.6(5.6) Stealth
 - Level 3.0 Invocations


You had 8 spell levels left.
You didn't know any spells.
Your spell library contained the following spells:

 Spells                   Type           Power      Damage    Failure   Level
 Magic Dart               Conj           0%         1d3       61%         1
 Ensorcelled Hibernation  Hex/Ice        0%         N/A       75%         2
 Poisonous Vapours        Pois/Air       0%         N/A       75%         2
 Dazzling Flash           Conj/Hex       0%         N/A       93%         3
 Gell's Gravitas          Tloc           0%         N/A       93%         3
 Lesser Beckoning         Tloc           0%         N/A       93%         3
 Spider Form              Tmut/Pois      0%         N/A       93%         3
 Teleport Other           Tloc           0%         N/A       93%         3
 Olgreb's Toxic Radiance  Pois           0%         N/A       100%        4
 Agony                    Necr           0%         N/A       100%        5
 Silence                  Hex/Air        0%         N/A       100%        5
 Eringya's Noxious Bog    Tmut/Pois      0%         N/A       100%        6


Dungeon Overview and Level Annotations

Branches:
Dungeon (6/15)             Temple (1/1) D:5

Altars:
Ashenzari
Cheibriados
Dithmenos
Elyvilon
Fedhas
Gozag
Hepliaklqana
Kikubaaqudgha
Makhleb
Nemelex Xobeh
Okawaru
Qazlal
Ru
Sif Muna
Trog
Uskayaw
Vehumet
Wu Jian
Xom
Yredelemnul
Zin
The Shining One

Shops:
D:1 =

Annotations:
D:3 3 runed translucent doors, swinepaste's ghost, amateur SpAK
D:4 Sigmund


Innate Abilities, Weirdness & Mutations

You are too large for most types of armour.
You have tough skin. (AC +1)


Message History

You hit the kobold brigand. You block the ogre's attack.
The kobold brigand hits you but does no damage.
The orc priest begins to cast a cantrip, but forgets the words!
You miss the kobold brigand. You block the kobold brigand's attack.
The ogre closely misses you. The orc priest hits you with a +0 club.
You take 2 damage, and have 68/98 hp.
You hit the kobold brigand but do no damage.
The kobold brigand hits you with a +0 short sword.
The orc priest miscasts a cantrip.
You take 6 damage, and have 62/98 hp.
You thump the kobold brigand!
You kill the kobold brigand!
Okawaru accepts your kill. You block the ogre's attack.
You hit the orc priest but do no damage.
The orc priest casts a cantrip, but nothing happens.
The ogre closely misses you.
You closely miss the orc priest. The orc priest barely misses you.
You hit the orc priest.
The ogre hits you with a +0 giant spiked club!
The orc priest barely misses you.
You take 8 damage, and have 55/98 hp.
You barely miss the orc priest.
The orc priest hits you but does no damage.
The ogre hits you with a +0 giant spiked club!!
You take 21 damage, and have 34/98 hp.
MASSIVE DAMAGE!!
You sock the orc priest!
You kill the orc priest!
Okawaru accepts your kill.
You see here a +0 club.
You hit the ogre.
The ogre hits you with a +0 giant spiked club!!
* * * LOW HITPOINT WARNING * * *
You take 23 damage, and have 12/98 hp.
MASSIVE DAMAGE!!
You thump the ogre! You hit the ogre.
The ogre hits you with a +0 giant spiked club!
You die...

........................).....#K$
...........................PP♣#K.
.....................###....♣♣ .$
....................)###...PP♣ .
..........#####..###..##....♣#
.........##..(##.# ##..#..PP.#
.........#.#.#(#.# ##.....♣♣# $
.........#..#((#)# ##....P♣ ..
#.######.#.#(#(#@# #.#^..♣#.g.
..# ####.##.((##O#### #.#....#.h.
#####....###.###.)..###.#....#hg[
####.....#.###.#.)#...#.#..♣♣#.K.
.##......#.....#.<.#....).PP♣ ###
.##......##._.##...#.......♣.♣
..........#...#....#.......P.♣
###.......##'##....#......###.PP
###................#......# #..


You could see an ogre and 8 dancing weapons.

Vanquished Creatures
  A steam dragon (D:5)
  Duvessa (D:6)
  A hornet zombie (D:6)
  A sky beast (D:4)
  3 ogres
  2 centaurs
  A kobold brigand (D:6)
  2 phantoms
  2 bullfrogs (D:6)
  Dowan (D:6)
  A bullfrog zombie (D:6)
  2 centaur zombies
  A jelly (D:6)
  A gnoll shaman (D:6)
  5 orc priests
  3 hounds
  A bullfrog skeleton (D:6)
  5 iguanas
  A centaur skeleton (D:6)
  Ijyb (D:5)
  An orc wizard (D:3)
  A killer bee zombie (D:6)
  A hound zombie (D:5)
  A hound skeleton (D:4)
  12 gnolls
  7 adders
  3 worms
  3 dart slugs
  10 orcs
  10 ball pythons
  4 bats
  6 endoplasms
  5 giant cockroaches
  4 goblins
  6 hobgoblins
  13 jackals
  13 kobolds
  7 quokkas
  3 frilled lizards
  2 rats
148 creatures vanquished.

Vanquished Creatures (others)
  A bush (D:5)
  10 fungi
  11 plants
  3 toadstools (D:2)
25 creatures vanquished.

Grand Total: 173 creatures vanquished

Notes
Turn   | Place    | Note
-------+----------+-------------------------------------------
     0 | D:1      | friend the Ogre Hunter began the quest for the Orb.
     0 | D:1      | Reached XP level 1. HP: 22/22 MP: 1/1
    33 | D:1      | Reached skill level 3 in Fighting
   342 | D:1      | Reached XP level 2. HP: 8/32 MP: 2/2
   853 | D:1      | Reached skill level 4 in Fighting
  1088 | D:1      | Found Kosikega's Jewellery Boutique.
  1163 | D:1      | Reached XP level 3. HP: 16/40 MP: 3/3
  1764 | D:1      | Found a faded altar of an unknown god.
  1772 | D:1      | Got Plato's Handbook of Battle Magic
  1788 | D:1      | Reached skill level 5 in Fighting
  2426 | D:2      | Reached XP level 4. HP: 42/50 MP: 4/4
  2485 | D:2      | Reached skill level 1 in Maces & Flails
  3863 | D:3      | Found a runed translucent gate.
  3863 | D:3      | Found a runed translucent gate.
  3863 | D:3      | Found a runed translucent gate.
  3892 | D:3      | Found a glowing silver altar of Zin.
  3892 | D:3      | Found a basalt altar of Yredelemnul.
  3957 | D:3      | Noticed a phantom
  3982 | D:3      | Noticed swinepaste's ghost (amateur SpAK)
  4038 | D:2      | Killed a phantom
  4039 | D:2      | Reached skill level 6 in Fighting
  4039 | D:2      | Reached XP level 5. HP: 38/61 MP: 5/5
  4174 | D:3      | Found a stormy altar of Qazlal.
  4491 | D:3      | Reached XP level 6. HP: 59/68 MP: 6/6
  4805 | D:3      | Found an opulent altar of Gozag.
  5474 | D:2      | Reached skill level 7 in Fighting
  6119 | D:4      | Noticed Sigmund
  6224 | D:4      | Identified the +7 hand axe of Dividends {freeze, rC++ Will-
                  | MP+9 Dex-5}
  6759 | D:4      | Reached XP level 7. HP: 78/78 MP: 7/7
  6796 | D:4      | Identified the +1 robe of the Zebra {Str+6 Stlth+}
  7477 | D:5      | Entered Level 5 of the Dungeon
  7477 | D:5      | Noticed Ijyb
  7492 | D:5      | Killed Ijyb
  7493 | D:5      | Reached skill level 5 in Maces & Flails
  7990 | D:5      | Found a shadowy altar of Dithmenos.
  8230 | D:5      | Found a staircase to the Ecumenical Temple.
  8245 | D:5      | Reached skill level 8 in Fighting
  8246 | Temple   | Entered the Ecumenical Temple
  8455 | Temple   | Saving game... please wait.
  8465 | Temple   | Became a worshipper of Warmaster Okawaru
  8524 | D:5      | Reached XP level 8. HP: 88/88 MP: 8/8
  8580 | D:5      | Got the Disquisition on Noxious Flight
  9478 | D:5      | Identified the +6 chain mail "Ycoiff" {rN+++ Will- SInv
                  | Stlth-}
  9909 | D:6      | Noticed Dowan
  9941 | D:5      | Reached skill level 9 in Fighting
 10147 | D:6      | Noticed a +0 dagger
 10147 | D:6      | Noticed a +0 dagger
 10147 | D:6      | Noticed a +0 short sword
 10147 | D:6      | Noticed a +0 falchion
 10147 | D:6      | Noticed a +0 short sword
 10147 | D:6      | Noticed a +0 spear
 10148 | D:6      | Noticed a +0 falchion
 10149 | D:6      | Noticed a +0 spear
 10151 | D:6      | Found a hide-covered altar of Uskayaw.
 10169 | D:6      | Reached * piety under Okawaru
 10558 | D:6      | Noticed Duvessa
 10574 | D:6      | Killed Dowan
 10576 | D:6      | Killed Duvessa
 10576 | D:6      | Reached ** piety under Okawaru
 10577 | D:6      | Reached XP level 9. HP: 36/98 MP: 7/10
 11807 | D:6      | Slain by an ogre

Illustrated notes

Levels and vault maps discovered:
D:1:      dpeg_arrival_court, layout_basic, serial_shops, shop,
          shapermc_ecumenical_altar_rom_forum
D:2:      layout_rooms, st_stairs_8, minmay_gold_behind_fungi
D:3:      layout_loops_ring, nicolae_gozag_cash_rules_everything_around_me,
          nicolae_qazlal_eye_of_the_storm, gammafunk_temple_overflow_statue,
          gammafunk_ghost_icy, uniq_crazy_yiuf_cottage
D:4:      layout_loops_ring, uniq_sigmund
D:5:      layout_loops_corners, nicolae_dithmenos_the_darkroom,
          temple_fountains, grunt_ministairs_10, kb_lookout_dungeons_type,
          uniq_ijyb
D:6:      kennysheep_housing_project, layout_rooms, nicolae_uskayaw_en_pointe,
          gup_sewer_entry_bubbles, minmay_misc_feat_rows, serial_park_tiny_2,
          uniq_duvessa
Temple:   nicolae_temple_elliptical

Skill      XL: |  1  2  3  4  5  6  7  8  9 |
---------------+----------------------------+-----
Fighting       | 3 4 5 6 7 8 9 |  9.0
Maces & Flails | 2 4 5 8 |  8.9
Invocations    | 2 3 |  3.0
Throwing       | |  4.0
Dodging        | |  1.7
Stealth        | |  0.6

Action                   |  1- 3 |  4- 6 |  7- 9 || total
-------------------------+-------+-------+-------++-------
Melee: Short sword       |   140 |       |       ||   140
       Quarterstaff      |    52 |    14 |       ||    66
       Mace              |     5 |    15 |       ||    20
       Dagger            |       |   129 |    52 ||   181
       Flail             |       |    42 |   261 ||   303
       Unarmed           |       |       |    11 ||    11
Throw: Stone             |       |    13 |     3 ||    16
       Large rock        |       |       |     9 ||     9
       Javelin           |       |       |     2 ||     2
Invok: Heroism           |       |       |     5 ||     5
  Use: Potion            |       |     1 |       ||     1
       Scroll            |       |       |     3 ||     3
 Stab: Sleeping          |     2 |     3 |     3 ||     8
Armor: Robe              |    82 |    40 |   144 ||   266
       Skin              |       |       |     7 ||     7
Dodge: Dodged            |    98 |    61 |   116 ||   275
Block: Kite shield       |       |    81 |   170 ||   251

Table legend: (Time is in decaauts)
 A = Elapsed time spent in this place.
 B = Non-inter-level travel time spent in this place.
 C = Inter-level travel time spent in this place.
 D = Time resting spent in this place.
 E = Time spent auto-exploring this place.
 F = Levels seen in this place.
 G = Mean time per level.
                   A        B        C        D        E       F      G
               +--------+--------+--------+--------+--------+-----+--------+
         Total |  12017 |  11749 |    268 |   4045 |   5741 |   7 | 1716.7 |
       Dungeon |  11782 |  11539 |    243 |   3970 |   5623 |   6 | 1963.7 |
        Temple |    235 |    210 |     25 |     75 |    118 |   1 |  235.0 |
               +--------+--------+--------+--------+--------+-----+--------+

Top non-repeatable levels by time:
     D:5: 2634 daAuts
     D:3: 2221 daAuts
     D:1: 2117 daAuts
     D:2: 1840 daAuts
     D:4: 1499 daAuts
     D:6: 1469 daAuts
  Temple: 235 daAuts
